Griffins vs Phantoms

Created - Friday, November 07, 2014 at 23:41

Goals
1 2 3 OT1 SO T
Griffins 0 1 0 0 0 1
Phantoms 1 0 0 0 2 2
Shots
1 2 3 OT1 SO T
Griffins 14 15 3 3 2 35
Phantoms 8 8 9 3 2 28

1st period

1. Phantoms , Adam Lowry 4 (Greg Zanon) at 1:54 (PP)

Penalties :
Adam Clendening (GRG) for High sticking (Minor) at 0:12, Zack Stortini (ADR) for Goalie Interference (Minor) at 3:13, Zack Stortini (ADR) for High sticking (Minor) at 6:26, Mark Van Guilder (ADR) for Boarding (Minor) at 8:37, Garnet Exelby (ADR) for Fighting (Major) at 11:26, Kellan Lain (GRG) for Fighting (Major) at 11:26, Ben Eager (GRG) for Hooking (Minor) at 14:27

2nd period

2. Griffins , Adam Clendening 1 (John McFarland, Alexander Sulzer) at 3:32 (PP)

Penalties :
Zack Stortini (ADR) for Fighting (Major) at 1:18, Matt Marquardt (GRG) for Fighting (Major) at 1:18, Denver Manderson (ADR) for Holding (Minor) at 3:08, Grant Clitsome (ADR) for Roughing (Minor) at 7:32, Zack Stortini (ADR) for Holding (Minor) at 13:17

3rd period

No Goal

Penalties :
Garnet Exelby (ADR) for Fighting (Major) at 0:13, Ben Eager (GRG) for Fighting (Major) at 0:13, Grant Clitsome (ADR) for Holding (Minor) at 14:27, Dmitrij Jaskin (ADR) for Hooking (Minor) at 18:29

Overtime #1

No Goal

Penalties :
No Penalty

Shootout

Penalty Shot by John Albert for Griffins - Stopped by Marek Mazanec
Penalty Shot by Dmitrij Jaskin for Phantoms - Goal!
Penalty Shot by Ben Eager for Griffins - Stopped by Marek Mazanec
Penalty Shot by Adam Lowry for Phantoms - Goal!

Penalties :
No Penalty

Goalie Stats

Jeff Deslauriers (GRG), 27 saves from 28 shots - (0.964), OTL, 7-0-1, 65:00 minutes
Marek Mazanec (ADR), 34 saves from 35 shots - (0.971), W, 1-0-0, 65:00 minutes

Players Stats for Griffins

Player Name              G  A  P  +/- PIM S  H  SB GA TA FO     MP     PP MP  PK MP  
------------------------------------------------------------------------------------
Adam Clendening          1  0  1   0  2   4  3  1  2  1  0/0    27:31   7:48   1:11 
Alexander Sulzer         0  1  1   0  0   12 4  1  0  3  0/0    32:22   7:01   2:05 
Ben Eager                0  0  0   0  7   3  2  0  3  2  0/0    20:11   6:42   0:57 
Brad Hunt                0  0  0   0  0   4  0  4  3  2  0/0    26:44   5:59   2:30 
Daniel New               0  0  0   0  0   0  0  0  0  0  0/0     0:00   0:00   0:00 
David Musil              0  0  0   0  0   1  1  2  0  0  0/0    25:52   5:38   1:36 
Derek Meech              0  0  0   0  0   0  1  0  0  0  0/0     5:31   0:22   0:00 
John Albert              0  0  0   0  0   2  1  2  0  1  9/22   25:43   6:19   1:32 
John McFarland           0  1  1   0  0   2  2  1  6  1  1/1    20:08   6:04   0:45 
Jordan Owens             0  0  0   0  0   1  3  0  1  0  0/0    13:41   0:40   1:13 
Kellan Lain              0  0  0   0  5   0  3  0  1  1  3/7    17:27   1:55   0:01 
Mark Mancari             0  0  0   0  0   1  0  0  5  0  2/2    18:27   6:35   0:45 
Matt Marquardt           0  0  0   0  5   1  0  0  1  0  4/11   17:27   5:39   0:00 
Mike Angelidis           0  0  0   0  0   2  2  0  1  0  0/0    20:42   5:40   1:02 
Mitchell Heard           0  0  0   0  0   1  0  0  1  0  3/3     7:31   0:16   0:00 
Paul Thompson            0  0  0   0  0   0  0  0  3  0  0/0    15:02   0:45   0:00 
Tyler Eckford            0  0  0   0  0   0  0  0  1  0  0/0    12:19   1:08   0:00 
Zenon Konopka            0  0  0   0  0   1  2  0  0  1  0/1     9:32   0:24   1:08 

Players Stats for Phantoms

Player Name              G  A  P  +/- PIM S  H  SB GA TA FO     MP     PP MP  PK MP  
------------------------------------------------------------------------------------
Adam Lowry               1  0  1   0  0   4  0  3  2  0  3/7    24:31   2:24   7:25 
Bryan Lerg               0  0  0   0  0   1  1  1  0  0  8/12   19:56   1:17   4:09 
Chris Langkow            0  0  0   0  0   1  1  0  0  0  0/0     9:09   0:00   1:05 
Denver Manderson         0  0  0   0  2   3  0  0  1  1  2/3    15:31   0:00   1:42 
Dmitrij Jaskin           0  0  0   0  2   0  1  0  1  0  5/13   25:12   2:24   7:12 
Garnet Exelby            0  0  0   0  10  3  0  0  0  1  0/0    23:06   0:45   6:34 
Garrett Wilson           0  0  0   0  0   2  2  0  1  0  0/0    15:23   1:17   1:27 
Grant Clitsome           0  0  0   0  4   6  4  3  3  6  0/0    29:30   1:39   5:24 
Greg Zanon               0  1  1   0  0   2  0  1  2  0  0/0    26:52   2:44   6:46 
Harri Pesonen            0  0  0   0  0   1  2  0  0  0  2/3    18:38   2:24   2:48 
Jerome Gauthier-Leduc    0  0  0   0  0   0  1  1  0  2  0/0    18:18   0:00   5:32 
Jonathan Hazen           0  0  0   0  0   0  2  0  0  0  0/1    12:48   0:00   0:00 
Josh Lunden              0  0  0   0  0   1  0  0  0  0  0/0     7:54   0:00   2:07 
Mark Van Guilder         0  0  0   0  2   1  5  0  4  2  5/8    16:59   0:00   0:24 
Martin Gernat            0  0  0   0  0   1  0  1  1  2  0/0    23:50   1:17   1:33 
Randy Jones              0  0  0   0  0   0  0  1  0  0  0/0     4:03   0:57   2:27 
Steve MacIntyre          0  0  0   0  0   0  0  0  0  0  0/0     1:14   0:00   0:00 
Zack Stortini            0  0  0   0  11  2  2  0  1  0  0/0    12:34   1:17   0:00 

3 Stars

1 - Marek Mazanec (ADR)
2 - Jeff Deslauriers (GRG)
3 - Adam Lowry (ADR)

Power Play

Griffins - 1 on 8 Attempt(s) - 12.50%
Phantoms - 1 on 2 Attempt(s) - 50.00%

Penalty Kill

Griffins - 1 on 2 Attempt(s) - 50.00% - Score 0 goal in Penalty Kill
Phantoms - 7 on 8 Attempt(s) - 87.50% - Score 0 goal in Penalty Kill

Official

Referees : Unknown
Linesman : Unknown

Game Notes

Randy Jones is injured at 8:47 of 1st period (Strained Right Knee)
Garnet Exelby and Kellan Lain fight to a draw at 11:26 of 1st period
Zack Stortini beats up Matt Marquardt at 1:18 of 2nd period
Garnet Exelby and Ben Eager fight to a draw at 0:13 of 3rd period

Finance

Level 1 -- Attendance: 1396 (69.80%) -- Ticket Income $30,712
Level 2 -- Attendance: 708 (70.80%) -- Ticket Income $7,080
Total Attendance: 2104 (70.13%)
Total Ticket Income: $37,792
Other Income: $18,518
Total Income: $56,310

Griffins

5 vs 5 Forward 
   Center                   Left Wing                Right Wing               Time % Phy DF OF 
 1 John Albert              Ben Eager                Mark Mancari             35     1   2  2  
 2 Matt Marquardt           Mike Angelidis           John McFarland           30     1   2  2  
 3 Kellan Lain              Jordan Owens             Paul Thompson            22     1   2  2  
 4 Mitchell Heard           John Albert              Zenon Konopka            13     1   2  2  

5 vs 5 Defense 
   Defense                  Defense                                           Time % Phy DF OF 
 1 Alexander Sulzer         Adam Clendening                                   35     1   2  2  
 2 Brad Hunt                David Musil                                       30     1   2  2  
 3 Tyler Eckford            Alexander Sulzer                                  22     1   2  2  
 4 Alexander Sulzer         Adam Clendening                                   13     1   2  2  

PowerPlay Forward 
   Center                   Left Wing                Right Wing               Time % Phy DF OF 
 1 John Albert              Ben Eager                Mark Mancari             60     1   2  2  
 2 Matt Marquardt           Mike Angelidis           John McFarland           40     1   2  2  

PowerPlay Defense
   Defense                  Defense                                           Time % Phy DF OF 
 1 Alexander Sulzer         Adam Clendening                                   60     1   2  2  
 2 Brad Hunt                David Musil                                       40     1   2  2  

Penalty Kill 4 Players Forward 
   Center                   Wing                     Time % Phy DF OF 
 1 John Albert              Ben Eager                60     1   2  2  
 2 Mark Mancari             John McFarland           40     1   2  2  

Penalty Kill 4 Players Defense
   Defense                  Defense                  Time % Phy DF OF 
 1 Alexander Sulzer         Adam Clendening          60     1   2  2  
 2 Brad Hunt                David Musil              40     1   2  2  

Penalty Kill - 3 Players Forward 
   Forward                                           Time % Phy DF OF 
 1 John Albert                                       60     1   2  2  
 2 Ben Eager                                         40     1   2  2  

Penalty Kill - 3 Players Defense
   Defense                  Defense                  Time % Phy DF OF 
 1 Alexander Sulzer         Adam Clendening          60     1   2  2  
 2 Brad Hunt                David Musil              40     1   2  2  

4 vs 4 Forward 
   Center                   Wing                     Time % Phy DF OF 
 1 John Albert              Ben Eager                60     1   2  2  
 2 Mark Mancari             John McFarland           40     1   2  2  

4 vs 4 Defense
   Defense                  Defense                  Time % Phy DF OF 
 1 Alexander Sulzer         Adam Clendening          60     1   2  2  
 2 Brad Hunt                David Musil              40     1   2  2  

Last Minutes Offensive
   Center                   Left Wing                Right Wing               Defense                  Defense                  
   John Albert              Ben Eager                Mark Mancari             Alexander Sulzer         Adam Clendening          

Last Minutes Defensive
   Center                   Left Wing                Right Wing               Defense                  Defense                  
   John Albert              Ben Eager                Mark Mancari             Alexander Sulzer         Adam Clendening          

Goaltenders
Starting : Jeff Deslauriers         
Backup : Joe Cannata              

Extra Forwards
Normal : Kellan Lain, Paul Thompson, Jordan Owens - PP : Kellan Lain, Paul Thompson - PK : Jordan Owens
Extra Defensemen
Normal : Tyler Eckford, Alexander Sulzer, Brad Hunt - PP : Tyler Eckford - PK : Alexander Sulzer, Brad Hunt
Penalty Shots
John Albert, Ben Eager, Mark Mancari, John McFarland, Mike Angelidis

Phantoms

5 vs 5 Forward 
   Center                   Left Wing                Right Wing               Time % Phy DF OF 
 1 Adam Lowry               Dmitrij Jaskin           Harri Pesonen            35     1   2  2  
 2 Bryan Lerg               Garrett Wilson           Zack Stortini            30     1   2  2  
 3 Mark Van Guilder         Denver Manderson         Jonathan Hazen           22     1   2  2  
 4 Chris Langkow            Josh Lunden              Dmitrij Jaskin           13     1   2  2  

5 vs 5 Defense 
   Defense                  Defense                                           Time % Phy DF OF 
 1 Grant Clitsome           Randy Jones                                       35     1   2  2  
 2 Garnet Exelby            Greg Zanon                                        30     1   2  2  
 3 Martin Gernat            Jerome Gauthier-Leduc                             22     1   2  2  
 4 Grant Clitsome           Randy Jones                                       13     1   2  2  

PowerPlay Forward 
   Center                   Left Wing                Right Wing               Time % Phy DF OF 
 1 Adam Lowry               Dmitrij Jaskin           Harri Pesonen            60     1   2  2  
 2 Bryan Lerg               Garrett Wilson           Zack Stortini            40     1   2  2  

PowerPlay Defense
   Defense                  Defense                                           Time % Phy DF OF 
 1 Grant Clitsome           Randy Jones                                       60     1   2  2  
 2 Garnet Exelby            Greg Zanon                                        40     1   2  2  

Penalty Kill 4 Players Forward 
   Center                   Wing                     Time % Phy DF OF 
 1 Dmitrij Jaskin           Adam Lowry               60     1   2  2  
 2 Harri Pesonen            Bryan Lerg               40     1   2  2  

Penalty Kill 4 Players Defense
   Defense                  Defense                  Time % Phy DF OF 
 1 Grant Clitsome           Randy Jones              60     1   2  2  
 2 Garnet Exelby            Greg Zanon               40     1   2  2  

Penalty Kill - 3 Players Forward 
   Forward                                           Time % Phy DF OF 
 1 Dmitrij Jaskin                                    60     1   2  2  
 2 Adam Lowry                                        40     1   2  2  

Penalty Kill - 3 Players Defense
   Defense                  Defense                  Time % Phy DF OF 
 1 Grant Clitsome           Randy Jones              60     1   2  2  
 2 Garnet Exelby            Greg Zanon               40     1   2  2  

4 vs 4 Forward 
   Center                   Wing                     Time % Phy DF OF 
 1 Dmitrij Jaskin           Adam Lowry               60     1   2  2  
 2 Harri Pesonen            Bryan Lerg               40     1   2  2  

4 vs 4 Defense
   Defense                  Defense                  Time % Phy DF OF 
 1 Grant Clitsome           Randy Jones              60     1   2  2  
 2 Garnet Exelby            Greg Zanon               40     1   2  2  

Last Minutes Offensive
   Center                   Left Wing                Right Wing               Defense                  Defense                  
   Adam Lowry               Dmitrij Jaskin           Harri Pesonen            Grant Clitsome           Randy Jones              

Last Minutes Defensive
   Center                   Left Wing                Right Wing               Defense                  Defense                  
   Adam Lowry               Dmitrij Jaskin           Harri Pesonen            Grant Clitsome           Randy Jones              

Goaltenders
Starting : Marek Mazanec            
Backup : Devan Dubnyk             

Extra Forwards
Normal : Mark Van Guilder, Chris Langkow, Denver Manderson - PP : Mark Van Guilder, Chris Langkow - PK : Denver Manderson
Extra Defensemen
Normal : Martin Gernat, Jerome Gauthier-Leduc, Garnet Exelby - PP : Martin Gernat - PK : Jerome Gauthier-Leduc, Garnet Exelby
Penalty Shots
Dmitrij Jaskin, Adam Lowry, Harri Pesonen, Bryan Lerg, Zack Stortini

% Time on Ice - Griffins

Lines # - Real PCT - Wanted PCT - Time Play
Normal Forward
1 - 27% - 35% - 11:19
2 - 31% - 30% - 13:19
3 - 26% - 22% - 11:09
4 - 16% - 13% - 6:44
Normal Defense
1 - 34% - 35% - 14:29
2 - 37% - 30% - 15:44
3 - 23% - 22% - 9:58
4 - 5% - 13% - 2:20
PP Forward
1 - 53% - 60% - 7:20
2 - 47% - 40% - 6:28
PP Defense
1 - 57% - 60% - 7:48
2 - 43% - 40% - 6:00
PK Forward
1 - 80% - 60% - 2:56
2 - 20% - 40% - 0:45
PK Defense
1 - 57% - 60% - 2:05
2 - 43% - 40% - 1:36
PK3 Forward
1 - 0% - 60%
2 - 0% - 40%
PK3 Defense
1 - 0% - 60%
2 - 0% - 40%
44 Forward
1 - 100% - 60% - 5:00
2 - 0% - 40% - 0:00
44 Defense
1 - 50% - 60% - 2:29
2 - 50% - 40% - 2:31
Last Minute Offensive  - 0:00
Last Minute Defensive  - 0:00
Total
Forward - 65:00
Defense - 65:00

% Time on Ice - Phantoms

Lines # - Real PCT - Wanted PCT - Time Play
Normal Forward
1 - 27% - 35% - 11:41
2 - 32% - 30% - 13:32
3 - 30% - 22% - 12:40
4 - 11% - 13% - 4:38
Normal Defense
1 - 50% - 35% - 21:16
2 - 19% - 30% - 7:59
3 - 13% - 22% - 5:34
4 - 18% - 13% - 7:42
PP Forward
1 - 65% - 60% - 2:24
2 - 35% - 40% - 1:17
PP Defense
1 - 70% - 60% - 2:35
2 - 30% - 40% - 1:06
PK Forward
1 - 80% - 60% - 11:00
2 - 20% - 40% - 2:48
PK Defense
1 - 78% - 60% - 10:46
2 - 22% - 40% - 3:02
PK3 Forward
1 - 100% - 60% - 0:29
2 - 0% - 40% - 0:00
PK3 Defense
1 - 100% - 60% - 0:29
2 - 0% - 40% - 0:00
44 Forward
1 - 93% - 60% - 4:13
2 - 7% - 40% - 0:18
44 Defense
1 - 62% - 60% - 2:48
2 - 38% - 40% - 1:43
Last Minute Offensive  - 0:00
Last Minute Defensive  - 0:00
Total
Forward - 65:00
Defense - 65:00

Play by Play

1st period


0:01 of 1st period - Mark Mancari wins face-off versus Adam Lowry in neutral zone.
0:12 of 1st period - Minor Penalty to Adam Clendening for High sticking.
0:13 of 1st period - John Albert wins face-off versus Adam Lowry in Griffins zone.
0:37 of 1st period - Slapshot by Grant Clitsome.
0:37 of 1st period - Shot Misses the Net.
1:16 of 1st period - Wrist shot by Bryan Lerg.
1:16 of 1st period - Shot Misses the Net.
1:18 of 1st period - Wrist shot by Garrett Wilson.
1:18 of 1st period - Shot Blocked by Brad Hunt.
1:20 of 1st period - Backhand shot by Garnet Exelby.
1:20 of 1st period - Deflect By Brad Hunt.
1:20 of 1st period - Stopped by Jeff Deslauriers with a rebound.
1:52 of 1st period - Wrist shot by Adam Lowry.
1:52 of 1st period - Shot Hit the Post.
1:54 of 1st period - Snap shot by Greg Zanon.
1:54 of 1st period - Deflect By Adam Lowry.
1:54 of 1st period - Goal by Adam Lowry - Griffins : 0 - Phantoms : 1.
1:55 of 1st period - Kellan Lain wins face-off versus Mark Van Guilder in neutral zone.
2:12 of 1st period - Slapshot by Alexander Sulzer.
2:12 of 1st period - Stopped by Marek Mazanec with a rebound.
2:16 of 1st period - Slapshot by Adam Clendening.
2:16 of 1st period - Stopped by Marek Mazanec with a rebound.
2:18 of 1st period - Slapshot by Adam Clendening.
2:18 of 1st period - Shot Blocked by Martin Gernat.
2:20 of 1st period - Slapshot by Adam Clendening.
2:20 of 1st period - Deflect By Kellan Lain.
2:20 of 1st period - Shot Misses the Net.
2:20 of 1st period - Puck is out of play.
2:21 of 1st period - Bryan Lerg wins face-off versus Matt Marquardt in Phantoms zone.
2:28 of 1st period - Snap shot by Garrett Wilson.
2:28 of 1st period - Stopped by Jeff Deslauriers with a rebound.
2:36 of 1st period - Slapshot by Alexander Sulzer.
2:36 of 1st period - Stopped by Marek Mazanec without a rebound.
2:37 of 1st period - Bryan Lerg wins face-off versus Matt Marquardt in Phantoms zone.
2:53 of 1st period - Wrist shot by John McFarland.
2:53 of 1st period - Shot Blocked by Bryan Lerg.
2:57 of 1st period - Slapshot by Mike Angelidis.
2:57 of 1st period - Deflect By Zack Stortini.
2:57 of 1st period - Stopped by Marek Mazanec with a rebound.
2:59 of 1st period - Slapshot by Alexander Sulzer.
2:59 of 1st period - Stopped by Marek Mazanec with a rebound.
3:01 of 1st period - Slapshot by Alexander Sulzer.
3:01 of 1st period - Stopped by Marek Mazanec with a rebound.
3:03 of 1st period - Snap shot by Matt Marquardt.
3:03 of 1st period - Stopped by Marek Mazanec with a rebound.
3:13 of 1st period - Minor Penalty to Zack Stortini for Goalie Interference.
3:14 of 1st period - Dmitrij Jaskin wins face-off versus John Albert in Phantoms zone.
3:42 of 1st period - Snap shot by Ben Eager.
3:42 of 1st period - Shot Blocked by Adam Lowry.
4:49 of 1st period - Icing by Alexander Sulzer.
4:50 of 1st period - Harri Pesonen wins face-off versus John Albert in Griffins zone.
4:51 of 1st period - Snap shot by Garnet Exelby.
4:51 of 1st period - Deflect By Bryan Lerg.
4:51 of 1st period - Shot Blocked by Adam Clendening.
4:51 of 1st period - Puck is out of play.
4:52 of 1st period - Matt Marquardt wins face-off versus Harri Pesonen in Griffins zone.
5:13 of 1st period - Penalty to Zack Stortini is over, Zack Stortini is back on ice.
5:33 of 1st period - Garnet Exelby is hit by Kellan Lain and loses puck.
5:56 of 1st period - Slapshot by Mark Van Guilder.
5:56 of 1st period - Stopped by Jeff Deslauriers with a rebound.
5:58 of 1st period - Snap shot by Denver Manderson.
5:58 of 1st period - Stopped by Jeff Deslauriers with a rebound.
6:00 of 1st period - Snap shot by Denver Manderson.
6:00 of 1st period - Stopped by Jeff Deslauriers without a rebound.
6:01 of 1st period - Bryan Lerg wins face-off versus John Albert in Griffins zone.
6:08 of 1st period - Brad Hunt is hit by Grant Clitsome and loses puck.
6:26 of 1st period - Minor Penalty to Zack Stortini for High sticking.
6:27 of 1st period - Dmitrij Jaskin wins face-off versus Matt Marquardt in Phantoms zone.
7:01 of 1st period - Slapshot by Brad Hunt.
7:01 of 1st period - Stopped by Marek Mazanec without a rebound.
7:02 of 1st period - Dmitrij Jaskin wins face-off versus John Albert in Phantoms zone.
7:02 of 1st period - Dmitrij Jaskin is hit by Alexander Sulzer.
7:34 of 1st period - Slapshot by Alexander Sulzer.
7:34 of 1st period - Stopped by Marek Mazanec with a rebound.
7:48 of 1st period - Snap shot by Adam Lowry.
7:48 of 1st period - Stopped by Jeff Deslauriers with a rebound.
8:26 of 1st period - Penalty to Zack Stortini is over, Zack Stortini is back on ice.
8:37 of 1st period - Minor Penalty to Mark Van Guilder for Boarding.
8:38 of 1st period - Matt Marquardt wins face-off versus Dmitrij Jaskin in Phantoms zone.
8:47 of 1st period - Snap shot by John McFarland.
8:47 of 1st period - Deflect By Mike Angelidis.
8:47 of 1st period - Shot Blocked by Randy Jones.
8:47 of 1st period - Randy Jones from Phantoms is injured at 8:47 of 1st period (Strained Right Knee).
8:48 of 1st period - Dmitrij Jaskin wins face-off versus John Albert in Phantoms zone.
8:59 of 1st period - Backhand shot by John Albert.
8:59 of 1st period - Stopped by Marek Mazanec with a rebound.
9:23 of 1st period - Slapshot by Alexander Sulzer.
9:23 of 1st period - Shot Misses the Net.
9:25 of 1st period - Slapshot by Alexander Sulzer.
9:25 of 1st period - Shot Blocked by Jerome Gauthier-Leduc.
10:37 of 1st period - Penalty to Mark Van Guilder is over, Mark Van Guilder is back on ice.
10:55 of 1st period - Matt Marquardt is hit by Grant Clitsome and loses puck.
11:10 of 1st period - Jordan Owens is hit by Jonathan Hazen and loses puck.
11:25 of 1st period - Slapshot by Greg Zanon.
11:25 of 1st period - Shot Misses the Net.
11:26 of 1st period - Garnet Exelby and Kellan Lain fight to a draw.
11:26 of 1st period - Penalty to Garnet Exelby for Fighting.
11:26 of 1st period - Penalty to Kellan Lain for Fighting.
11:27 of 1st period - John Albert wins face-off versus Bryan Lerg in Griffins zone.
11:37 of 1st period - Slapshot by David Musil.
11:37 of 1st period - Stopped by Marek Mazanec with a rebound.
11:39 of 1st period - Snap shot by John Albert.
11:39 of 1st period - Shot Misses the Net.
11:59 of 1st period - Slapshot by Brad Hunt.
11:59 of 1st period - Shot Blocked by Greg Zanon.
13:20 of 1st period - John Albert is hit by Mark Van Guilder and loses puck.
13:49 of 1st period - Snap shot by Grant Clitsome.
13:49 of 1st period - Stopped by Jeff Deslauriers with a rebound.
13:51 of 1st period - Slapshot by Jerome Gauthier-Leduc.
13:51 of 1st period - Shot Blocked by John Albert.
13:53 of 1st period - Snap shot by Dmitrij Jaskin.
13:53 of 1st period - Deflect By Brad Hunt.
13:53 of 1st period - Shot Blocked by Brad Hunt.
13:53 of 1st period - Puck is out of play.
13:54 of 1st period - Bryan Lerg wins face-off versus Matt Marquardt in Griffins zone.
14:27 of 1st period - Minor Penalty to Ben Eager for Hooking.
14:28 of 1st period - John Albert wins face-off versus Dmitrij Jaskin in Griffins zone.
15:23 of 1st period - Snap shot by Jordan Owens.
15:23 of 1st period - Stopped by Marek Mazanec with a rebound.
15:50 of 1st period - Icing by Harri Pesonen.
15:51 of 1st period - Harri Pesonen wins face-off versus Zenon Konopka in Phantoms zone.
15:56 of 1st period - Wrist shot by Zenon Konopka.
15:56 of 1st period - Shot Misses the Net.
16:02 of 1st period - Harri Pesonen is hit by Alexander Sulzer and loses puck.
16:23 of 1st period - Harri Pesonen is hit by Mike Angelidis and loses puck.
16:26 of 1st period - Penalty to Kellan Lain is over, Kellan Lain is back on ice.
16:50 of 1st period - Icing by Brad Hunt.
16:51 of 1st period - Mark Van Guilder wins face-off versus John Albert in Griffins zone.
17:32 of 1st period - Snap shot by John McFarland.
17:32 of 1st period - Stopped by Marek Mazanec with a rebound.
17:40 of 1st period - Slapshot by Alexander Sulzer.
17:40 of 1st period - Deflect By Grant Clitsome.
17:40 of 1st period - Stopped by Marek Mazanec with a rebound.
17:58 of 1st period - Snap shot by Kellan Lain.
17:58 of 1st period - Shot Misses the Net.
18:28 of 1st period - Icing by Zack Stortini.
18:29 of 1st period - Matt Marquardt wins face-off versus Bryan Lerg in Phantoms zone.
19:54 of 1st period - Tyler Eckford is hit by Harri Pesonen and loses puck.
Goals for this period are 0 for Griffins vs 1 for Phantoms.
Shots for this period are 14 for Griffins vs 8 for Phantoms.

2nd period


0:01 of 2nd period - John Albert wins face-off versus Adam Lowry in neutral zone.
0:48 of 2nd period - Adam Lowry is hit by Adam Clendening.
1:08 of 2nd period - Bryan Lerg is hit by Mike Angelidis and loses puck.
1:18 of 2nd period - Zack Stortini beats up Matt Marquardt.
1:18 of 2nd period - Penalty to Zack Stortini for Fighting.
1:18 of 2nd period - Penalty to Matt Marquardt for Fighting.
1:19 of 2nd period - Bryan Lerg wins face-off versus John Albert in Griffins zone.
1:42 of 2nd period - Wrist shot by Mark Mancari.
1:42 of 2nd period - Stopped by Marek Mazanec without a rebound.
1:43 of 2nd period - Adam Lowry wins face-off versus Kellan Lain in Phantoms zone.
2:39 of 2nd period - Grant Clitsome is hit by John Albert and loses puck.
3:08 of 2nd period - Minor Penalty to Denver Manderson for Holding.
3:09 of 2nd period - John McFarland wins face-off versus Dmitrij Jaskin in Phantoms zone.
3:20 of 2nd period - Slapshot by Garnet Exelby.
3:20 of 2nd period - Shot Misses the Net.
3:26 of 2nd period - Slapshot by Adam Clendening.
3:26 of 2nd period - Deflect By John McFarland.
3:26 of 2nd period - Stopped by Marek Mazanec without a rebound.
3:27 of 2nd period - Kellan Lain wins face-off versus Dmitrij Jaskin in Phantoms zone.
3:30 of 2nd period - Slapshot by John McFarland.
3:30 of 2nd period - Shot Misses the Net.
3:32 of 2nd period - Slapshot by Adam Clendening.
3:32 of 2nd period - Goal by Adam Clendening - Griffins : 1 - Phantoms : 1.
3:33 of 2nd period - John Albert wins face-off versus Bryan Lerg in neutral zone.
3:36 of 2nd period - Mark Van Guilder is hit by Ben Eager and loses puck.
3:49 of 2nd period - Slapshot by Ben Eager.
3:49 of 2nd period - Shot Misses the Net.
4:39 of 2nd period - Adam Lowry is hit by John McFarland and loses puck.
4:46 of 2nd period - Snap shot by Mike Angelidis.
4:46 of 2nd period - Stopped by Marek Mazanec with a rebound.
4:48 of 2nd period - Wrist shot by John McFarland.
4:48 of 2nd period - Shot Blocked by Adam Lowry.
4:50 of 2nd period - Snap shot by Brad Hunt.
4:50 of 2nd period - Stopped by Marek Mazanec without a rebound.
4:51 of 2nd period - Mitchell Heard wins face-off versus Jonathan Hazen in Phantoms zone.
5:00 of 2nd period - Slapshot by Brad Hunt.
5:00 of 2nd period - Deflect By John Albert.
5:00 of 2nd period - Stopped by Marek Mazanec with a rebound.
5:07 of 2nd period - Off-side.
5:08 of 2nd period - Mitchell Heard wins face-off versus Mark Van Guilder in neutral zone.
5:17 of 2nd period - Slapshot by Grant Clitsome.
5:17 of 2nd period - Stopped by Jeff Deslauriers with a rebound.
5:23 of 2nd period - Wrist shot by Zenon Konopka.
5:23 of 2nd period - Stopped by Marek Mazanec with a rebound.
5:53 of 2nd period - Kellan Lain is hit by Grant Clitsome and loses puck.
6:00 of 2nd period - Grant Clitsome is hit by Jordan Owens and loses puck.
6:11 of 2nd period - Tyler Eckford is hit by Grant Clitsome and loses puck.
6:36 of 2nd period - Slapshot by Alexander Sulzer.
6:36 of 2nd period - Stopped by Marek Mazanec with a rebound.
7:01 of 2nd period - Snap shot by Adam Clendening.
7:01 of 2nd period - Stopped by Marek Mazanec without a rebound.
7:02 of 2nd period - Mark Van Guilder wins face-off versus John Albert in Phantoms zone.
7:07 of 2nd period - Slapshot by Alexander Sulzer.
7:07 of 2nd period - Stopped by Marek Mazanec with a rebound.
7:09 of 2nd period - Slapshot by Alexander Sulzer.
7:09 of 2nd period - Shot Misses the Net.
7:32 of 2nd period - Minor Penalty to Grant Clitsome for Roughing.
7:33 of 2nd period - Adam Lowry wins face-off versus Matt Marquardt in Phantoms zone.
7:42 of 2nd period - Off-side.
7:43 of 2nd period - Matt Marquardt wins face-off versus Dmitrij Jaskin in neutral zone.
7:56 of 2nd period - Snap shot by John McFarland.
7:56 of 2nd period - Shot Misses the Net.
7:58 of 2nd period - Slapshot by Brad Hunt.
7:58 of 2nd period - Stopped by Marek Mazanec with a rebound.
8:00 of 2nd period - Snap shot by John McFarland.
8:00 of 2nd period - Shot Misses the Net.
8:02 of 2nd period - Slapshot by Brad Hunt.
8:02 of 2nd period - Stopped by Marek Mazanec without a rebound.
8:03 of 2nd period - John Albert wins face-off versus Dmitrij Jaskin in Phantoms zone.
8:04 of 2nd period - Snap shot by Ben Eager.
8:04 of 2nd period - Stopped by Marek Mazanec with a rebound.
8:51 of 2nd period - Dmitrij Jaskin is hit by Adam Clendening and loses puck.
9:32 of 2nd period - Penalty to Grant Clitsome is over, Grant Clitsome is back on ice.
10:10 of 2nd period - Slapshot by Grant Clitsome.
10:10 of 2nd period - Shot Blocked by David Musil.
10:54 of 2nd period - Slapshot by Alexander Sulzer.
10:54 of 2nd period - Stopped by Marek Mazanec with a rebound.
10:56 of 2nd period - Slapshot by Alexander Sulzer.
10:56 of 2nd period - Deflect By Grant Clitsome.
10:56 of 2nd period - Stopped by Marek Mazanec without a rebound.
10:57 of 2nd period - Bryan Lerg wins face-off versus Matt Marquardt in Phantoms zone.
11:38 of 2nd period - Slapshot by Josh Lunden.
11:38 of 2nd period - Stopped by Jeff Deslauriers with a rebound.
13:17 of 2nd period - Minor Penalty to Zack Stortini for Holding.
13:18 of 2nd period - Mark Mancari wins face-off versus Denver Manderson in Phantoms zone.
15:17 of 2nd period - Penalty to Zack Stortini is over, Zack Stortini is back on ice.
15:44 of 2nd period - Wrist shot by Kellan Lain.
15:44 of 2nd period - Deflect By Denver Manderson.
15:44 of 2nd period - Shot Misses the Net.
15:44 of 2nd period - Puck is out of play.
15:45 of 2nd period - Mitchell Heard wins face-off versus Bryan Lerg in Phantoms zone.
16:08 of 2nd period - Wrist shot by Bryan Lerg.
16:08 of 2nd period - Deflect By Zack Stortini.
16:08 of 2nd period - Shot Blocked by Brad Hunt.
16:08 of 2nd period - Puck is out of play.
16:09 of 2nd period - Mark Van Guilder wins face-off versus Kellan Lain in Griffins zone.
16:10 of 2nd period - Wrist shot by Denver Manderson.
16:10 of 2nd period - Shot Misses the Net.
16:25 of 2nd period - Icing by Martin Gernat.
16:26 of 2nd period - Mark Van Guilder wins face-off versus Kellan Lain in Phantoms zone.
16:31 of 2nd period - Martin Gernat is hit by Jordan Owens and loses puck.
16:44 of 2nd period - Jordan Owens is hit by Mark Van Guilder.
16:58 of 2nd period - Zenon Konopka is hit by Mark Van Guilder and loses puck.
17:29 of 2nd period - Slapshot by Zack Stortini.
17:29 of 2nd period - Stopped by Jeff Deslauriers with a rebound.
17:31 of 2nd period - Slapshot by Grant Clitsome.
17:31 of 2nd period - Shot Blocked by David Musil.
17:33 of 2nd period - Snap shot by Bryan Lerg.
17:33 of 2nd period - Stopped by Jeff Deslauriers with a rebound.
17:35 of 2nd period - Slapshot by Grant Clitsome.
17:35 of 2nd period - Stopped by Jeff Deslauriers with a rebound.
18:03 of 2nd period - Adam Lowry is hit by Zenon Konopka and loses puck.
18:33 of 2nd period - Snap shot by Garnet Exelby.
18:33 of 2nd period - Stopped by Jeff Deslauriers with a rebound.
18:35 of 2nd period - Snap shot by Chris Langkow.
18:35 of 2nd period - Stopped by Jeff Deslauriers with a rebound.
18:37 of 2nd period - Slapshot by Garnet Exelby.
18:37 of 2nd period - Shot Blocked by Alexander Sulzer.
19:04 of 2nd period - Adam Clendening is hit by Garrett Wilson and loses puck.
19:27 of 2nd period - Slapshot by Adam Lowry.
19:27 of 2nd period - Stopped by Jeff Deslauriers with a rebound.
19:43 of 2nd period - Garnet Exelby is hit by Derek Meech.
19:47 of 2nd period - Garnet Exelby is hit by John McFarland and loses puck.
Goals for this period are 1 for Griffins vs 0 for Phantoms.
Shots for this period are 15 for Griffins vs 8 for Phantoms.

3rd period


0:01 of 3rd period - Adam Lowry wins face-off versus John Albert in neutral zone.
0:10 of 3rd period - Snap shot by Harri Pesonen.
0:10 of 3rd period - Shot Misses the Net.
0:13 of 3rd period - Garnet Exelby and Ben Eager fight to a draw.
0:13 of 3rd period - Penalty to Garnet Exelby for Fighting.
0:13 of 3rd period - Penalty to Ben Eager for Fighting.
0:14 of 3rd period - John Albert wins face-off versus Adam Lowry in Griffins zone.
0:29 of 3rd period - Mark Mancari is hit by Dmitrij Jaskin and loses puck.
0:34 of 3rd period - Slapshot by Harri Pesonen.
0:34 of 3rd period - Stopped by Jeff Deslauriers with a rebound.
0:36 of 3rd period - Slapshot by Harri Pesonen.
0:36 of 3rd period - Shot Misses the Net.
0:38 of 3rd period - Slapshot by Greg Zanon.
0:38 of 3rd period - Stopped by Jeff Deslauriers with a rebound.
0:40 of 3rd period - Snap shot by Adam Lowry.
0:40 of 3rd period - Stopped by Jeff Deslauriers with a rebound.
0:42 of 3rd period - Slapshot by Greg Zanon.
0:42 of 3rd period - Stopped by Jeff Deslauriers with a rebound.
0:44 of 3rd period - Slapshot by Martin Gernat.
0:44 of 3rd period - Shot Blocked by John Albert.
0:46 of 3rd period - Slapshot by Martin Gernat.
0:46 of 3rd period - Shot Misses the Net.
1:13 of 3rd period - Off-side.
1:14 of 3rd period - Bryan Lerg wins face-off versus Matt Marquardt in neutral zone.
1:19 of 3rd period - Wrist shot by Garrett Wilson.
1:19 of 3rd period - Stopped by Jeff Deslauriers with a rebound.
1:21 of 3rd period - Slapshot by Grant Clitsome.
1:21 of 3rd period - Stopped by Jeff Deslauriers with a rebound.
1:25 of 3rd period - Snap shot by Zack Stortini.
1:25 of 3rd period - Stopped by Jeff Deslauriers with a rebound.
1:39 of 3rd period - John McFarland is hit by Zack Stortini and loses puck.
2:02 of 3rd period - Brad Hunt is hit by Jonathan Hazen and loses puck.
2:11 of 3rd period - Snap shot by Denver Manderson.
2:11 of 3rd period - Shot Blocked by John McFarland.
2:13 of 3rd period - Snap shot by Denver Manderson.
2:13 of 3rd period - Stopped by Jeff Deslauriers with a rebound.
2:23 of 3rd period - Brad Hunt is hit by Jerome Gauthier-Leduc and loses puck.
3:46 of 3rd period - Zack Stortini is hit by Jordan Owens.
3:54 of 3rd period - Alexander Sulzer is hit by Garrett Wilson.
6:13 of 3rd period - Slapshot by Adam Clendening.
6:13 of 3rd period - Stopped by Marek Mazanec with a rebound.
7:04 of 3rd period - Greg Zanon is hit by Alexander Sulzer and loses puck.
7:21 of 3rd period - David Musil is hit by Zack Stortini and loses puck.
7:33 of 3rd period - Mitchell Heard is hit by Bryan Lerg and loses puck.
7:56 of 3rd period - Slapshot by Grant Clitsome.
7:56 of 3rd period - Deflect By Derek Meech.
7:56 of 3rd period - Stopped by Jeff Deslauriers with a rebound.
8:23 of 3rd period - Jonathan Hazen is hit by Kellan Lain.
9:47 of 3rd period - Brad Hunt is hit by Mark Van Guilder and loses puck.
10:05 of 3rd period - Wrist shot by Ben Eager.
10:05 of 3rd period - Shot Misses the Net.
10:07 of 3rd period - Wrist shot by Mitchell Heard.
10:07 of 3rd period - Stopped by Marek Mazanec with a rebound.
10:23 of 3rd period - Greg Zanon is hit by Kellan Lain and loses puck.
10:46 of 3rd period - Slapshot by Harri Pesonen.
10:46 of 3rd period - Shot Blocked by Brad Hunt.
14:09 of 3rd period - Chris Langkow is hit by Zenon Konopka and loses puck.
14:27 of 3rd period - Minor Penalty to Grant Clitsome for Holding.
14:28 of 3rd period - John Albert wins face-off versus Dmitrij Jaskin in Phantoms zone.
14:31 of 3rd period - Snap shot by Ben Eager.
14:31 of 3rd period - Stopped by Marek Mazanec with a rebound.
15:36 of 3rd period - Greg Zanon is hit by Alexander Sulzer and loses puck.
16:27 of 3rd period - Penalty to Grant Clitsome is over, Grant Clitsome is back on ice.
17:05 of 3rd period - Paul Thompson is hit by Mark Van Guilder and loses puck.
18:29 of 3rd period - Minor Penalty to Dmitrij Jaskin for Hooking.
18:30 of 3rd period - Bryan Lerg wins face-off versus John Albert in Phantoms zone.
19:47 of 3rd period - Slapshot by Adam Clendening.
19:47 of 3rd period - Shot Misses the Net.
Goals for this period are 0 for Griffins vs 0 for Phantoms.
Shots for this period are 3 for Griffins vs 9 for Phantoms.

Overtime #1


0:01 of 1st overtime period - Denver Manderson wins face-off versus John Albert in neutral zone.
0:16 of 1st overtime period - Snap shot by Ben Eager.
0:16 of 1st overtime period - Stopped by Marek Mazanec with a rebound.
0:27 of 1st overtime period - Icing by Alexander Sulzer.
0:28 of 1st overtime period - Denver Manderson wins face-off versus John Albert in Griffins zone.
0:29 of 1st overtime period - Penalty to Dmitrij Jaskin is over, Dmitrij Jaskin is back on ice.
0:53 of 1st overtime period - Snap shot by Dmitrij Jaskin.
0:53 of 1st overtime period - Deflect By Denver Manderson.
0:53 of 1st overtime period - Shot Misses the Net.
0:53 of 1st overtime period - Puck is out of play.
0:54 of 1st overtime period - John Albert wins face-off versus Dmitrij Jaskin in Griffins zone.
1:03 of 1st overtime period - Snap shot by Ben Eager.
1:03 of 1st overtime period - Shot Misses the Net.
1:05 of 1st overtime period - Slapshot by Brad Hunt.
1:05 of 1st overtime period - Shot Blocked by Grant Clitsome.
1:29 of 1st overtime period - Slapshot by Brad Hunt.
1:29 of 1st overtime period - Shot Blocked by Adam Lowry.
1:31 of 1st overtime period - Slapshot by John Albert.
1:31 of 1st overtime period - Shot Misses the Net.
1:33 of 1st overtime period - Wrist shot by Ben Eager.
1:33 of 1st overtime period - Shot Blocked by Grant Clitsome.
1:35 of 1st overtime period - Slapshot by David Musil.
1:35 of 1st overtime period - Shot Blocked by Grant Clitsome.
2:14 of 1st overtime period - Mark Van Guilder is hit by David Musil and loses puck.
2:20 of 1st overtime period - Off-side.
2:21 of 1st overtime period - Mark Van Guilder wins face-off versus John Albert in neutral zone.
2:24 of 1st overtime period - Snap shot by Grant Clitsome.
2:24 of 1st overtime period - Stopped by Jeff Deslauriers with a rebound.
2:26 of 1st overtime period - Slapshot by Martin Gernat.
2:26 of 1st overtime period - Stopped by Jeff Deslauriers with a rebound.
2:38 of 1st overtime period - Martin Gernat is hit by Adam Clendening and loses puck.
2:49 of 1st overtime period - Slapshot by Alexander Sulzer.
2:49 of 1st overtime period - Stopped by Marek Mazanec without a rebound.
2:50 of 1st overtime period - Kellan Lain wins face-off versus Mark Van Guilder in Phantoms zone.
2:51 of 1st overtime period - Slapshot by Alexander Sulzer.
2:51 of 1st overtime period - Stopped by Marek Mazanec without a rebound.
2:52 of 1st overtime period - Dmitrij Jaskin wins face-off versus Kellan Lain in Phantoms zone.
2:59 of 1st overtime period - Slapshot by Garnet Exelby.
2:59 of 1st overtime period - Stopped by Jeff Deslauriers with a rebound.
3:27 of 1st overtime period - Mark Van Guilder is hit by Ben Eager and loses puck.
3:44 of 1st overtime period - David Musil is hit by Chris Langkow and loses puck.
3:51 of 1st overtime period - Wrist shot by Chris Langkow.
3:51 of 1st overtime period - Shot Misses the Net.
4:48 of 1st overtime period - Alexander Sulzer is hit by Harri Pesonen.
Goals for this period are 0 for Griffins vs 0 for Phantoms.
Shots for this period are 3 for Griffins vs 3 for Phantoms.

ShootOut


5:00 of 1st overtime period - Penalty Shot by John Albert for Griffins.
5:00 of 1st overtime period - Wrist shot by John Albert.
5:00 of 1st overtime period - Stopped by Marek Mazanec.
5:00 of 1st overtime period - Penalty Shot by Dmitrij Jaskin for Phantoms.
5:00 of 1st overtime period - Wrist shot by Dmitrij Jaskin.
5:00 of 1st overtime period - Goal by Dmitrij Jaskin.
5:00 of 1st overtime period - Penalty Shot by Ben Eager for Griffins.
5:00 of 1st overtime period - Deke by Ben Eager.
5:00 of 1st overtime period - Stopped by Marek Mazanec.
5:00 of 1st overtime period - Penalty Shot by Adam Lowry for Phantoms.
5:00 of 1st overtime period - Snap shot by Adam Lowry.
5:00 of 1st overtime period - Goal by Adam Lowry.


Output by the SimonT Hockey Simulator (STHS) for Eric Dolegowski -- Original Page W3C XHTML 1.0 Valid
Hockey Simulator - Hockey Simulation - Hockey Manager